 Dungeon Crawl Stone Soup version 0.19-a0-1091-g463c9de (webtiles) character file.

9775 Kidiri the Thaumaturge (level 11, -2/61 HPs)
             Began as a Deep Elf Fire Elementalist on Aug 7, 2016.
             Was a Believer of Vehumet.
             Slain by a six-headed hydra (13 damage)
             ... on level 1 of the Lair of Beasts.
             The game lasted 00:40:47 (13492 turns).

Kidiri the Thaumaturge (DEFE)                      Turns: 13492, Time: 00:40:48

Health: -2/61      AC:  8    Str: 17    XL:     11   Next: 27%
Magic:  19/25      EV: 17    Int: 24    God:    Vehumet [**....]
Gold:   471        SH:  6    Dex: 21    Spells: 10 memorised, 3 levels left

rFire  x . .     SeeInvis .     D - +6 rapier of Perfectionism {pierce, rF- Str+7 Dex+6}
rCold  + + .     Gourm    .     y - +1 leather armour {rC+}
rNeg   . . .     Faith    .     z - +0 buckler
rPois  .         Spirit   .     (helmet restricted)
rElec  .         Dismiss  .     m - +0 cloak (curse)
rCorr  .         Reflect  .     (no gloves)
SustAt .         Harm     +     (no boots)
MR     +....     Rnd*Rage +     r - amulet of harm
Stlth  ++........               q - ring of protection from cold
                                E - +5 ring of strength

@:
A: horns 1, slimy green scales 1, thin metallic scales 1, berserk 1, deformed
body, low mp 1, mutation resistance 1
a: Renounce Religion


You were on level 1 of the Lair of Beasts.
You worshipped Vehumet.
Vehumet was pleased with you.
You were not hungry.

You visited 3 branches of the dungeon, and saw 12 of its levels.

You collected 741 gold pieces.
You spent 270 gold pieces at shops.

Inventory:

Hand Weapons
 D - the +6 rapier of Perfectionism (weapon) {pierce, rF- Str+7 Dex+6}
   (You found it on level 7 of the Dungeon)

   It inflicts extra damage upon your enemies.
   It affects your strength (+7).
   It affects your dexterity (+6).
   It makes you vulnerable to fire.
Armour
 m - a cursed +0 cloak (worn)
 y - a +1 leather armour of cold resistance (worn)
 z - a +0 buckler (worn)
Jewellery
 q - a ring of protection from cold (right hand)
 r - an amulet of harm (around neck)
 C - an uncursed ring of resist corrosion
 E - a +5 ring of strength (left hand)
Wands
 j - a wand of enslavement (10/24)
 k - a wand of confusion (36/48)
 l - a wand of iceblast (6/15)
 t - a wand of disintegration (9/24)
 v - a wand of polymorph (3/24)
 w - a wand of teleportation (9/9)
 F - a wand of lightning (11/15)
Scrolls
 n - 5 scrolls of teleportation
 s - 6 scrolls of remove curse
 B - 4 scrolls of fog
 L - a scroll of fear {unknown}
Potions
 a - 3 potions of might
 b - a potion of magic
 d - a potion of lignification
 e - a potion of invisibility
 f - 9 potions of curing
 h - 2 potions of berserk rage
 i - 6 potions of agility
 p - 2 potions of heal wounds
 u - 2 potions of resistance
 x - 5 potions of brilliance
 G - a potion of haste
 K - a potion of mutation {unknown}
Books
 A - a book of Fire

   Spells                             Type                      Level
   a - Ignite Poison                  Fire/Transmutation/Poison    3
   b - Fireball                       Conjuration/Fire             5
   c - Bolt of Fire                   Conjuration/Fire             6
   d - Delayed Fireball               Conjuration/Fire             7
   e - Ring of Flames                 Charms/Fire                  7
Comestibles
 c - 4 bread rations
 g - 4 slices of pizza
 o - 6 meat rations
 H - a chunk of flesh
 I - 10 royal jellies
 J - 12 fruits


   Skills:
 + Level 4.2 Fighting
 + Level 5.0 Short Blades
 + Level 4.4 Armour
 + Level 6.8 Dodging
 - Level 2.4 Stealth
 + Level 3.1 Shields
 * Level 11.5 Spellcasting
 + Level 7.2 Conjurations
 + Level 7.8 Fire Magic
 + Level 5.3 Evocations


You had 3 spell levels left.
You knew the following spells:

 Your Spells              Type           Power        Failure   Level  Hunger
a - Flame Tongue          Conj/Fire      #####        1%          1    None
b - Throw Flame           Conj/Fire      ######       1%          2    None
c - Conjure Flame         Conj/Fire      ######..     1%          3    None
d - Inner Flame           Hex/Fire       ####....     4%          3    None
e - Ignite Poison         Fire/Tmut/Pois ####....     8%          3    None
f - Sticky Flame          Conj/Fire      ######..     3%          4    None
g - Fireball              Conj/Fire      ######....   10%         5    ####...
h - Bolt of Fire          Conj/Fire      ######....   50%         6    #####..
i - Delayed Fireball      Conj/Fire      N/A          100%        7    #######
j - Magic Dart            Conj           ####         1%          1    None


Dungeon Overview and Level Annotations

Branches:
Dungeon (10/15)            Temple (1/1) D:7            Lair (1/6) D:10
    Orc: D:9-12

Altars:
Ashenzari
Cheibriados
Dithmenos
Elyvilon
Fedhas
Gozag
Hepliaklqana
Kikubaaqudgha
Makhleb
Nemelex Xobeh
Okawaru
Pakellas
Qazlal
Ru
Sif Muna
Trog
Uskayaw
Vehumet
Xom
Yredelemnul
Zin
The Shining One

Shops:
D:9 ((!


Innate Abilities, Weirdness & Mutations

You have a pair of small horns on your head.
You are partially covered in slimy green scales. (AC +2)
You are partially covered in thin metallic scales. (AC +2)
You tend to lose your temper in combat.
Armour fits poorly on your strangely shaped body.
Your magical capacity is low. (-10% MP)
You are somewhat resistant to further mutation.


Message History

The six-headed hydra burns!
The six-headed hydra burns!
The six-headed hydra burns!
The six-headed hydra burns!
The six-headed hydra stops burning.
You feel much better. The six-headed hydra misses you.
The six-headed hydra barely misses you. The six-headed hydra bites you!
* * * LOW HITPOINT WARNING * * *
The six-headed hydra bites you.
* * * LOW HITPOINT WARNING * * *
You block the six-headed hydra's attack.
The six-headed hydra bites you but does no damage.
You feel much better.
The six-headed hydra closely misses you.
The six-headed hydra bites you!
The six-headed hydra bites you but does no damage.
The six-headed hydra bites you!
* * * LOW HITPOINT WARNING * * *
You block the six-headed hydra's attack.
The six-headed hydra bites you!
You die...

♣.♣ ♣..♣♣
♣.♣♣♣.♣♣
♣...♣.♣
♣♣...))♣
♣♣.....♣♣
♣...♣♣.♣
♣.♣♣♣♣.♣
♣.♣ ♣.♣
♣@♣♣ ♣♣.
♣♣D♣ ♣
♣i♣♣ ♣♣l♣
♣i♣♣ ♣♣.♣
♣.♣♣ ♣♣
♣♣.♣♣i♣
♣♣..l♣


You could see a six-headed hydra, 2 spriggans and an iguana.

Vanquished Creatures
  The ghost of braks the Summoner, a novice TeSu of Sif Muna (D:9)
  A hill giant (D:10)
  An ugly thing (D:8)
  A torpor snail (Lair:1)
  Psyche (D:10)
  The ghost of 4thArraOfDagon the Covert, a novice SpEn of Uskayaw (D:10)
  A troll (D:6)
  Grinder (D:4)
  2 two-headed ogres
  3 spriggans (Lair:1)
  A wraith (D:10)
  A wyvern (D:8)
  Eustachio (D:4)
  4 hippogriffs (D:8)
  A hungry ghost (D:8)
  Menkaure (D:4)
  2 porcupines (Lair:1)
  2 ice beasts
  3 orc warriors
  4 phantoms
  5 sky beasts
  5 ogres
  2 necrophages
  2 centaurs
  A big kobold (D:10)
  Blork the orc (D:4)
  9 giant frogs
  4 scorpions
  5 killer bees
  3 howler monkeys
  5 wights (D:9)
  2 electric eels (Lair:1)
  2 crimson imps
  2 giant frog zombies
  2 centaur skeletons
  5 hounds
  4 jellies (D:8)
  5 orc priests
  5 orc wizards
  2 giant frog skeletons
  An iguana (D:10)
  Natasha (D:2)
  5 worker ants
  3 hound zombies
  A worker ant zombie (D:7)
  3 gnolls (D:8)
  10 adders
  3 shadow imps
  5 oozes (D:8)
  2 adder skeletons
  5 worms
  4 dart slugs
  10 giant geckos
  31 orcs
  A ball python (D:1)
  10 bats
  7 giant cockroaches
  5 goblins
  8 hobgoblins
  7 jackals
  5 quokkas
  A giant gecko zombie (D:8)
  7 giant newts
  A jackal skeleton (D:4)
  14 kobolds
  A quokka skeleton (D:9)
  13 rats
268 creatures vanquished.

Vanquished Creatures (others)
  A wizard (D:5)
  A quokka (D:8)
2 creatures vanquished.

Grand Total: 270 creatures vanquished

Notes
Turn   | Place    | Note
-------+----------+-------------------------------------------
     0 | D:1      | Kidiri the Deep Elf Fire Elementalist began the quest for the Orb.
     0 | D:1      | Reached XP level 1. HP: 10/10 MP: 6/6
   236 | D:1      | Reached XP level 2. HP: 15/15 MP: 6/8
   255 | D:1      | Learned a level 2 spell: Throw Flame
   878 | D:1      | Reached XP level 3. HP: 19/19 MP: 2/10
   883 | D:1      | Learned a level 3 spell: Conjure Flame
   887 | D:1      | Learned a level 3 spell: Inner Flame
  1243 | D:2      | Reached skill level 4 in Spellcasting
  1514 | D:2      | Reached XP level 4. HP: 16/24 MP: 1/12
  1913 | D:2      | Noticed Natasha
  1918 | D:2      | Killed Natasha
  2005 | D:2      | Found a glowing golden altar of the Shining One.
  2271 | D:3      | Reached skill level 5 in Spellcasting
  2280 | D:3      | Learned a level 4 spell: Sticky Flame
  2840 | D:3      | Reached XP level 5. HP: 28/28 MP: 8/14
  3616 | D:4      | Noticed Grinder
  3617 | D:4      | Paralysed by Grinder for 5 turns
  3636 | D:4      | Killed Grinder
  3636 | D:4      | Reached skill level 6 in Spellcasting
  3636 | D:4      | Reached XP level 6. HP: 30/32 MP: 5/17
  3643 | D:4      | Learned a level 5 spell: Fireball
  4005 | D:4      | Noticed Menkaure
  4008 | D:4      | Killed Menkaure
  4008 | D:4      | Reached skill level 1 in Short Blades
  4008 | D:4      | Reached skill level 7 in Spellcasting
  4008 | D:4      | Reached skill level 5 in Fire Magic
  4008 | D:4      | Reached XP level 7. HP: 37/37 MP: 14/19
  4121 | D:4      | Noticed Eustachio
  4139 | D:4      | Killed Eustachio
  4139 | D:4      | Reached skill level 1 in Fighting
  4139 | D:4      | Reached skill level 1 in Armour
  4139 | D:4      | Reached skill level 1 in Evocations
  4866 | D:4      | Noticed Blork the orc
  4873 | D:4      | Killed Blork the orc
  5152 | D:4      | Reached XP level 8. HP: 43/43 MP: 16/21
  5424 | D:5      | Entered Level 5 of the Dungeon
  5429 | D:5      | Learned a level 3 spell: Ignite Poison
  5642 | D:5      | Reached skill level 8 in Spellcasting
  5714 | D:5      | Learned a level 7 spell: Delayed Fireball
  5976 | D:5      | Found a bloodstained altar of Trog.
  5978 | D:5      | Noticed a wizard
  5983 | D:5      | Killed a wizard
  6850 | D:6      | Reached skill level 5 in Conjurations
  6856 | D:6      | Noticed a troll
  6862 | D:6      | Killed a troll
  7170 | D:6      | Found a shimmering altar of Xom.
  7247 | D:6      | Reached skill level 9 in Spellcasting
  7393 | D:6      | Reached XP level 9. HP: 49/49 MP: 15/24
  7631 | D:7      | Found a staircase to the Ecumenical Temple.
  7648 | D:7      | Got a dazzling rapier
  7657 | Temple   | Entered the Ecumenical Temple
  7658 | Temple   | Identified the +6 rapier of Perfectionism {pierce, rF- Str+7 Dex+6} (You found it on level 7 of the Dungeon)
  8202 | D:7      | Reached skill level 5 in Dodging
  8482 | D:7      | Found an opulent altar of Gozag.
  8840 | D:8      | Reached skill level 1 in Shields
  9307 | D:8      | Found a white marble altar of Elyvilon.
  9348 | D:8      | Reached skill level 10 in Spellcasting
  9420 | D:8      | Gained mutation: You have a pair of small horns on your head. [mutagenic meat]
  9423 | D:8      | Gained mutation: You tend to lose your temper in combat. [mutagenic meat]
  9426 | D:8      | Gained mutation: You are partially covered in slimy green scales. (AC +2) [mutagenic meat]
  9429 | D:8      | Gained mutation: You are partially covered in thin metallic scales. (AC +2) [mutagenic meat]
  9432 | D:8      | Gained mutation: You are weak. (Str -2) [mutagenic meat]
  9599 | D:8      | Found a bloodstained altar of Trog.
  9705 | D:8      | Reached XP level 10. HP: 56/56 MP: 15/26
  9713 | D:8      | Learned a level 6 spell: Bolt of Fire
  9825 | D:8      | Gained mutation: Your magical capacity is low. (-10% MP) [mutagenic meat]
  9828 | D:8      | Gained mutation: Armour fits poorly on your strangely shaped body. [mutagenic meat]
  9831 | D:8      | Gained mutation: You occasionally shout uncontrollably at your foes. [mutagenic meat]
  9847 | D:8      | Noticed a red ugly thing
  9858 | D:8      | Killed a red ugly thing
  9865 | D:8      | Lost mutation: You occasionally shout uncontrollably at your foes. [mutagenic meat]
  9868 | D:8      | Lost mutation: You are weak. (Str -2) [mutagenic meat]
  9871 | D:8      | Gained mutation: You are somewhat resistant to further mutation. [mutagenic meat]
 10098 | D:8      | Found a snail-covered altar of Cheibriados.
 10098 | D:8      | Found a radiant altar of Vehumet.
 10105 | D:8      | Became a worshipper of Vehumet
 10141 | D:8      | Found a glowing silver altar of Zin.
 10422 | D:9      | Noticed braks's ghost (novice TeSu)
 10704 | D:9      | Found a snail-covered altar of Cheibriados.
 11096 | D:9      | Reached * piety under Vehumet
 11096 | D:9      | Offered knowledge of Magic Dart by Vehumet.
 11283 | D:9      | Found Ewniuni's Antique Weapon Boutique.
 11344 | D:9      | Found Gerooxta's Antique Weapon Emporium.
 11496 | D:9      | Killed braks's ghost
 11825 | D:9      | Found Zool's Distillery.
 11852 | D:9      | Bought a potion of heal wounds for 75 gold pieces
 11852 | D:9      | Bought a potion of curing for 45 gold pieces
 11852 | D:9      | Bought a potion of haste for 150 gold pieces
 11897 | D:9      | Reached skill level 5 in Evocations
 11899 | D:9      | Reached skill level 11 in Spellcasting
 12100 | D:10     | Entered Level 10 of the Dungeon
 12107 | D:10     | Noticed Psyche
 12114 | D:10     | Killed Psyche
 12116 | D:10     | Noticed 4thArraOfDagon's ghost (novice SpEn)
 12120 | D:10     | Killed 4thArraOfDagon's ghost
 12204 | D:10     | Learned a level 1 spell: Magic Dart
 12242 | D:10     | Noticed a hill giant
 12249 | D:10     | Killed a hill giant
 12249 | D:10     | Reached XP level 11. HP: 60/60 MP: 18/25
 12382 | D:10     | Offered knowledge of Searing Ray by Vehumet.
 12389 | D:10     | Reached ** piety under Vehumet
 12546 | D:10     | Found a staircase to the Lair.
 12828 | D:10     | Gained mutation: You are clumsy. (Dex -2) [mutagenic meat]
 12843 | D:10     | Lost mutation: You are clumsy. (Dex -2) [mutagenic meat]
 13034 | Lair:1   | Entered Level 1 of the Lair of Beasts
 13263 | Lair:1   | Reached skill level 5 in Short Blades
 13473 | Lair:1   | Noticed a six-headed hydra
 13492 | Lair:1   | Slain by a six-headed hydra

Vault maps used:
D:1:      dpeg_arrival_boxes_within_box
D:2:      first_bread, minmay_misc_feat_five, columned_hall_lemuel,
          nicolae_tso_swordbearing_angel, uniq_natasha
D:3:      wad_lake_hut
D:4:      uniq_eustachio, uniq_menkaure, uniq_grinder, uniq_blork_the_orc
D:5:      trog_wizard
D:6:      marbit_many_paths, minmay_statues_item
D:7:      kennysheep_spiral_hall, nicolae_gozag_seed_capital
D:8:      lemuel_doored_altar, elyvilon_altar_4, kennysheep_mini,
          gammafunk_temple_overflow_wave, hangedman_little_slice_of_home
D:9:      serial_shops, nicolae_shop_trees, nicolae_shop_crystal, shop,
          cheibriados_altar_1
D:10:     due_lair_maze_entry_diamond, uniq_psyche
Temple:   eino_temple_water
Lair:1:   kb_forest_paths, kennysheep_snail_temple, infiniplex_staircase_pool,
          lemuel_fruit_tree

Skill      XL: |  1  2  3  4  5  6  7  8  9 10 11 |
---------------+----------------------------------+-----
Conjurations   | 2 3 4 5 6 7 |  7.2
Spellcasting   | 4 5 6 7 9 10 11 | 11.5
Fire Magic     | 4 5 6 7 |  7.8
Short Blades   | 1 2 3 4 5 |  5.0
Fighting       | 1 2 3 4 |  4.2
Armour         | 1 2 3 4 |  4.4
Dodging        | 3 4 5 6 |  6.8
Evocations     | 1 2 3 5 |  5.3
Shields        | 1 2 3 |  3.1
Stealth        | |  2.4

Action                   |  1- 3 |  4- 6 |  7- 9 | 10-12 || total
-------------------------+-------+-------+-------+-------++-------
Melee: Dagger            |     9 |     4 |    39 |       ||    52
       Rapier            |       |       |    31 |    51 ||    82
       Headbutt          |       |       |     1 |     9 ||    10
       Staff             |       |       |       |     2 ||     2
 Cast: Flame Tongue      |    56 |    50 |   167 |   153 ||   426
       Throw Flame       |    15 |    25 |    81 |    53 ||   174
       Sticky Flame      |       |       |     9 |    12 ||    21
       Conjure Flame     |       |       |     1 |       ||     1
       Inner Flame       |       |       |     1 |       ||     1
       Fireball          |       |       |       |     1 ||     1
  Use: Scroll            |       |     3 |    13 |     7 ||    23
       Potion            |       |       |       |     5 ||     5
 Stab: Sleeping          |     3 |     4 |       |     3 ||    10
  Eat: Chunk             |     1 |     7 |    19 |    17 ||    44
       Beef jerky        |     1 |       |       |       ||     1
       Fruit             |       |       |     4 |       ||     4
       Meat ration       |       |       |       |     2 ||     2
Armor: Robe              |    10 |     3 |    12 |       ||    25
       Leather armour    |       |       |    24 |    31 ||    55
Dodge: Dodged            |    24 |     7 |   104 |    79 ||   214
Block: Buckler           |       |       |       |    16 ||    16
